NWL (28 & UNDER)
BISMARK BORDER GUARDS @ SAN DIEGO SMASHERS
05/14/2024
 
TOP OF THE 1ST
Bismark Border Guards batting - Pitching for San Diego Smashers : RHP Wayne Walker
Pitching: RHP Wayne Walker
Batting: LHB Juan Viera 0-0: Ball
1-0: Ground out 4-3 (Groundball, 34)
Batting: RHB Chris Parker 0-0: Ball
1-0: Ball
2-0: Ball
3-0: Called Strike
3-1: Called Strike
3-2: SINGLE (Flyball, 4MD)
Batting: LHB Jim Jensen 0-0: Called Strike
0-1: Ball
1-1: Ball
2-1: Ball
3-1: Called Strike
3-2: Foul Ball, location: 2F
3-2: DOUBLE (Popup, 7S)
Chris Parker to third
Chris Parker scores
Batting: LHB Nelson Peńa 0-0: Ball
1-0: Ball
2-0: Ball
3-0: Base on Balls
Batting: RHB Jeremy Carr 0-0: Foul Ball, location: 2F
0-1: Ball
1-1: Swinging Strike
1-2: Ball
2-2: Strikes out looking
Batting: RHB Enrique Mendoza 0-0: Called Strike
0-1: Swinging Strike
0-2: Ball
1-2: Foul Ball, location: 2F
1-2: Strikes out swinging
Top of the 1st over - 1 run(s), 2 hit(s), 0 error(s), 2 left on base; Bismark 1 - San Diego 0
BOTTOM OF THE 1ST
San Diego Smashers batting - Pitching for Bismark Border Guards : LHP Jim Evens
Pitching: LHP Jim Evens
Batting: RHB Jorge Collazo 0-0: Ground out U3 (Groundball, 3)
Batting: RHB Justin Burgess 0-0: Ball
1-0: Called Strike
1-1: Ground out 6-3 (Groundball, 6M)
Batting: RHB Marty Hendrickson 0-0: Called Strike
0-1: Called Strike
0-2: Ground out 3-1 (Groundball, 34)
Bottom of the 1st over - 0 run(s), 0 hit(s), 0 error(s), 0 left on base; Bismark 1 - San Diego 0
TOP OF THE 2ND
Bismark Border Guards batting - Pitching for San Diego Smashers : RHP Wayne Walker
Batting: LHB Rusty Herbert 0-0: SINGLE (Groundball, 34D)
Batting: LHB Júlio Colón 0-0: Ball
1-0: Fly out, F8 (Flyball, 8RS)
Batting: RHB Pedro Rodríguez 0-0: Ball
1-0: Ball
2-0: DOUBLE (Groundball, 3L)
Rusty Herbert to third
Runner from 3rd tries for Home, SAFE, no throw or cutoff
Batting: LHB Juan Viera 0-0: Ball
1-0: Fly out, F6 (Popup, 6MD)
Batting: RHB Chris Parker 0-0: Ball
1-0: Foul Ball, location: 2F
1-1: Ball
Wild Pitch!
Pedro Rodríguez to third
2-1: Ball
3-1: Foul Ball, location: 2F
3-2: Fly out, F8 (Flyball, 8LD)
Top of the 2nd over - 1 run(s), 2 hit(s), 0 error(s), 1 left on base; Bismark 2 - San Diego 0
BOTTOM OF THE 2ND
San Diego Smashers batting - Pitching for Bismark Border Guards : LHP Jim Evens
Batting: LHB Jeffrey Bascombe 0-0: Ball
1-0: Swinging Strike
1-1: Called Strike
1-2: Foul Ball, location: 2F
1-2: Ball
2-2: Ball
3-2: SOLO HOME RUN (Flyball, 89XD), Distance : 423 ft
Batting: SHB Yoshitoki Kouda 0-0: SINGLE (Flyball, 9LS)
Batting: LHB Noriaki Sangi 0-0: Ball
1-0: Foul Ball, location: 2F
1-1: Ball
2-1: Fly out, F9 (Flyball, 89M)
Batting: RHB Manuel Muńóz 0-0: Foul Ball, location: 2F
0-1: Swinging Strike
0-2: Strikes out swinging
Batting: SHB Adrián Nieto 0-0: Ball
1-0: Ball
2-0: Foul Ball, location: 2F
2-1: Fly out, F7 (Flyball, 7M)
Bottom of the 2nd over - 1 run(s), 2 hit(s), 0 error(s), 1 left on base; Bismark 2 - San Diego 1
TOP OF THE 3RD
Bismark Border Guards batting - Pitching for San Diego Smashers : RHP Wayne Walker
Batting: LHB Jim Jensen 0-0: Ball
1-0: Swinging Strike
1-1: SOLO HOME RUN (Flyball, 9D), Distance : 394 ft
Batting: LHB Nelson Peńa 0-0: Ball
1-0: SINGLE (Line Drive, 34)
Batting: RHB Jeremy Carr 0-0: Ball
1-0: Ball
2-0: Ball
3-0: Called Strike
3-1: Swinging Strike
3-2: Fly out, F9 (Flyball, 89D)
Batting: RHB Enrique Mendoza 0-0: Called Strike
0-1: Ball
1-1: SINGLE (Line Drive, 3D)
Nelson Peńa to second
Runner from 2nd tries for 3rd, SAFE, throw made to third
Batting: LHB Rusty Herbert 0-0: Ball
1-0: Called Strike
1-1: Ball
2-1: Swinging Strike
2-2: Foul Ball, location: 2F
2-2: TRIPLE (Line Drive, 3L)
Nelson Peńa scores
Enrique Mendoza scores
Batting: LHB Júlio Colón 0-0: Foul Ball, location: 2F
0-1: Ball
Wild Pitch!
Rusty Herbert scores
1-1: SINGLE (Groundball, 34D)
Batting: RHB Pedro Rodríguez 0-0: Called Strike
0-1: Swinging Strike
0-2: 2-RUN HOME RUN (Flyball, 7D), Distance : 359 ft
Pitching: RHP Ángel Polanco
Batting: LHB Juan Viera 0-0: Called Strike
0-1: Foul Ball, location: 2F
0-2: Ground out 4-3 (Groundball, 4)
Batting: RHB Chris Parker 0-0: Ball
1-0: Ball
2-0: Called Strike
2-1: Ground out 6-3 (Groundball, 6)
Top of the 3rd over - 6 run(s), 6 hit(s), 0 error(s), 0 left on base; Bismark 8 - San Diego 1
BOTTOM OF THE 3RD
San Diego Smashers batting - Pitching for Bismark Border Guards : LHP Jim Evens
Batting: RHB Armando Cruz 0-0: Foul Ball, location: 2F
0-1: Ball
1-1: Foul Ball, location: 2F
1-2: Strikes out swinging
Batting: RHB Jorge Collazo 0-0: Called Strike
0-1: DOUBLE (Line Drive, 89XD)
Batting: RHB Justin Burgess 0-0: Ball
1-0: Ball
2-0: Ball
3-0: Base on Balls
Batting: RHB Marty Hendrickson 0-0: Called Strike
0-1: Ball
1-1: Reached on error, E1 (Groundball, 13)
Jorge Collazo to third
Justin Burgess to second
Batting: LHB Jeffrey Bascombe 0-0: Called Strike
0-1: Called Strike
0-2: Ball
1-2: SINGLE (Groundball, 34D)
Jorge Collazo scores
Justin Burgess to third
Marty Hendrickson to second
Batting: SHB Yoshitoki Kouda 0-0: Called Strike
0-1: Ball
1-1: Called Strike
1-2: Strikes out swinging
Batting: LHB Noriaki Sangi 0-0: Called Strike
0-1: SINGLE (Line Drive, 34)
Justin Burgess scores
Marty Hendrickson to third
Jeffrey Bascombe to second
Runner from 3rd tries for Home, SAFE, no throw or cutoff
Batting: RHB Manuel Muńóz 0-0: Ball
1-0: Called Strike
1-1: Swinging Strike
1-2: Fly out, F9 (Flyball, 89M)
Bottom of the 3rd over - 3 run(s), 3 hit(s), 1 error(s), 2 left on base; Bismark 8 - San Diego 4
TOP OF THE 4TH
Bismark Border Guards batting - Pitching for San Diego Smashers : RHP Ángel Polanco
Batting: LHB Jim Jensen 0-0: Ball
1-0: Called Strike
1-1: Called Strike
1-2: Ground out 4-3 (Groundball, 4)
Batting: LHB Nelson Peńa 0-0: Called Strike
0-1: Called Strike
0-2: Ball
1-2: Foul Ball, location: 2F
1-2: Ground out 4-3 (Groundball, 4)
Batting: RHB Jeremy Carr 0-0: Called Strike
0-1: SINGLE (Line Drive, 7LS)
Batting: RHB Enrique Mendoza 0-0: Ball
1-0: SINGLE (Line Drive, 9LS)
Jeremy Carr to second
Batting: LHB Rusty Herbert 0-0: Called Strike
0-1: Ball
1-1: Fielders Choice at 2nd, U6 (Groundball, 6M)
Top of the 4th over - 0 run(s), 2 hit(s), 0 error(s), 2 left on base; Bismark 8 - San Diego 4
BOTTOM OF THE 4TH
San Diego Smashers batting - Pitching for Bismark Border Guards : LHP Jim Evens
Batting: SHB Adrián Nieto 0-0: Ball
1-0: Foul Ball, location: 2F
1-1: Foul Ball, location: 2F
1-2: Fly out, F8 (Flyball, 8RXD)
Batting: RHB Armando Cruz 0-0: Called Strike
0-1: Foul Ball, location: 2F
0-2: Ball
1-2: Foul Ball, location: 2F
1-2: SINGLE (Line Drive, 89S)
Batting: RHB Jorge Collazo Pickoff Throw to First - Error! E1
Armando Cruz to second
0-0: Ground out 6-3 (Groundball, 6)
Batting: RHB Justin Burgess 0-0: Swinging Strike
0-1: Ball
1-1: Foul Ball, location: 2F
1-2: Strikes out swinging
Bottom of the 4th over - 0 run(s), 1 hit(s), 1 error(s), 1 left on base; Bismark 8 - San Diego 4
TOP OF THE 5TH
Bismark Border Guards batting - Pitching for San Diego Smashers : RHP Ángel Polanco
Batting: LHB Júlio Colón 0-0: Called Strike
0-1: Ball
1-1: Swinging Strike
1-2: Ball
2-2: Ball
3-2: Foul Ball, location: 2F
3-2: Strikes out swinging
Batting: RHB Pedro Rodríguez 0-0: Reached on Error, E8 (Flyball, 8RM)
Batting: LHB Juan Viera 0-0: Called Strike
0-1: Called Strike
0-2: Ball
1-2: Ball
Wild Pitch!
Pedro Rodríguez to second
2-2: Ball
3-2: Ground out 6-3 (Groundball, 6)
Batting: RHB Chris Parker 0-0: Ground out 1-3 (Groundball, 15)
Top of the 5th over - 0 run(s), 0 hit(s), 1 error(s), 1 left on base; Bismark 8 - San Diego 4
BOTTOM OF THE 5TH
San Diego Smashers batting - Pitching for Bismark Border Guards : LHP Jim Evens
Batting: RHB Marty Hendrickson 0-0: SINGLE (Line Drive, 7LS)
Batting: LHB Jeffrey Bascombe 0-0: Ball
1-0: Ball
2-0: Foul Ball, location: 2F
2-1: 2-RUN HOME RUN (Flyball, 7LD), Distance : 342 ft
Batting: SHB Yoshitoki Kouda 0-0: Ball
1-0: Fly out, F9 (Flyball, 89S)
Batting: LHB Noriaki Sangi 0-0: Ball
1-0: Ball
2-0: Ball
3-0: Called Strike
3-1: Base on Balls
Batting: RHB Manuel Muńóz 0-0: Foul Ball, location: 2F
0-1: Ball
1-1: Swinging Strike
1-2: Ball
2-2: Ball
3-2: Ground out 5-3 (Groundball, 5S)
Noriaki Sangi to second
Batting: SHB Adrián Nieto 0-0: Ball
1-0: Ball
2-0: Ball
3-0: Called Strike
3-1: Base on Balls
Batting: RHB Armando Cruz 0-0: Foul Ball, location: 2F
0-1: Ground out 4-3 (Groundball, 4)
Bottom of the 5th over - 2 run(s), 2 hit(s), 0 error(s), 2 left on base; Bismark 8 - San Diego 6
TOP OF THE 6TH
Bismark Border Guards batting - Pitching for San Diego Smashers : RHP Ángel Polanco
Batting: LHB Jim Jensen 0-0: Swinging Strike
0-1: Ball
1-1: Called Strike
1-2: Ground out U3 (Groundball, 3)
Batting: LHB Nelson Peńa 0-0: Called Strike
0-1: Called Strike
0-2: Strikes out swinging
Batting: RHB Jeremy Carr 0-0: Called Strike
0-1: Swinging Strike
0-2: Ball
1-2: Ball
2-2: Ball
3-2: Base on Balls
Batting: RHB Enrique Mendoza 0-0: Called Strike
0-1: Ball
1-1: Ball
2-1: Swinging Strike
2-2: Fielders Choice at 2nd, 6-4 (Groundball, 6)
Top of the 6th over - 0 run(s), 0 hit(s), 0 error(s), 0 left on base; Bismark 8 - San Diego 6
BOTTOM OF THE 6TH
San Diego Smashers batting - Pitching for Bismark Border Guards : LHP Jim Evens
Batting: RHB Jorge Collazo 0-0: Fly out, F9 (Flyball, 9S)
Batting: RHB Justin Burgess 0-0: Foul Ball, location: 2F
0-1: DOUBLE (Groundball, 3L)
Pitching: RHP Júlio Quintana
Batting: RHB Marty Hendrickson 0-0: Foul Ball, location: 2F
0-1: Ground out 1-3 (Groundball, 13)
Justin Burgess to third
Batting: LHB Jeffrey Bascombe 0-0: Called Strike
0-1: Called Strike
0-2: Ball
1-2: Ball
2-2: Ball
3-2: Base on Balls
Batting: SHB Yoshitoki Kouda 0-0: Called Strike
0-1: Foul Ball, location: 2F
0-2: Ball
1-2: Fly out, F7 (Flyball, 7LM)
Bottom of the 6th over - 0 run(s), 1 hit(s), 0 error(s), 2 left on base; Bismark 8 - San Diego 6
TOP OF THE 7TH
Bismark Border Guards batting - Pitching for San Diego Smashers : RHP Ángel Polanco
Pitching: LHP Júlio Castillo
Batting: LHB Rusty Herbert 0-0: Ball
1-0: SINGLE (Flyball, 8LS)
Pitching: LHP John Lawson
Batting: LHB Júlio Colón 0-0: Ball
1-0: Grounds into double play, 4-6-3 (Groundball, 4)
Batting: RHB Pedro Rodríguez 0-0: Ball
1-0: Called Strike
1-1: Ball
2-1: Swinging Strike
2-2: Foul Ball, location: 2F
2-2: Strikes out swinging
Top of the 7th over - 0 run(s), 1 hit(s), 0 error(s), 0 left on base; Bismark 8 - San Diego 6
BOTTOM OF THE 7TH
San Diego Smashers batting - Pitching for Bismark Border Guards : RHP Júlio Quintana
Batting: LHB Noriaki Sangi 0-0: Ball
1-0: Ball
2-0: SINGLE (Groundball, 4MD) (infield hit)
Batting: RHB Manuel Muńóz 0-0: Called Strike
0-1: Ball
1-1: Foul Ball, location: 2F
1-2: Ball
2-2: Ball
3-2: Strikes out swinging
Batting: SHB Adrián Nieto 0-0: SINGLE (Groundball, 3D)
Noriaki Sangi to second
Pinch Hitting: RHB Miguel Moreno 0-0: Foul Ball, location: 2F
0-1: Foul Ball, location: 2F
0-2: DOUBLE (Popup, 3D)
Noriaki Sangi scores
Adrián Nieto to third
Batting: RHB Jorge Collazo 0-0: Fly out, F7 (Line Drive, 7M)
Runner from 3rd tags up, SCORES, throw made
Batting: RHB Justin Burgess 0-0: Ground out 6-3 (Groundball, 6)
Bottom of the 7th over - 2 run(s), 3 hit(s), 0 error(s), 1 left on base; Bismark 8 - San Diego 8
TOP OF THE 8TH
Bismark Border Guards batting - Pitching for San Diego Smashers : LHP John Lawson
Now at 2B: Miguel Moreno
Pinch Hitting: RHB Enrico Rodríguez 0-0: Called Strike
0-1: Ball
1-1: SINGLE (Line Drive, 6MD)
Batting: RHB Chris Parker 0-0: Bunted foul
0-1: Ball
1-1: Ball
2-1: Sac Bunt - play at first, batter OUT! 1-4
Enrico Rodríguez to second
Pinch Hitting: RHB José Cintrón 0-0: Intentional Walk
Pinch Hitting: RHB Mike Wright 0-0: Called Strike
Enrico Rodríguez steals 3rd base
José Cintrón to second
0-1: Fly out, F7 (Flyball, 78D)
Runner from 3rd tags up, SCORES, no throw
Batting: RHB Jeremy Carr 0-0: Fly out, F7 (Flyball, 7LM)
Top of the 8th over - 1 run(s), 1 hit(s), 0 error(s), 1 left on base; Bismark 9 - San Diego 8
BOTTOM OF THE 8TH
San Diego Smashers batting - Pitching for Bismark Border Guards : RHP Júlio Quintana
Now at 2B: José Cintrón
Now at SS: Aaron Holt
Now in LF: Mike Wright
Batting: RHB Marty Hendrickson 0-0: Ball
Now in LF: Marvin Miller 1-0: Ground out 5-3 (Groundball, 5L)
Pitching: LHP Jeff Stevenson
Batting: LHB Jeffrey Bascombe 0-0: Ball
1-0: Swinging Strike
1-1: Ball
2-1: Ball
3-1: Base on Balls
Pitching: RHP Edward Hastings
Batting: SHB Yoshitoki Kouda 0-0: Ball
1-0: Ball
2-0: Ball
3-0: Called Strike
3-1: Swinging Strike
3-2: Foul Ball, location: 2F
3-2: Base on Balls
Jeffrey Bascombe to second
Pitching: LHP Tim Billings
Pinch Hitting: RHB Bill Savage 0-0: Foul Ball, location: 2F
0-1: Bunted foul
0-2: Foul Ball, location: 2F
Single, Error in OF, E7, batter to second base
Jeffrey Bascombe scores
Yoshitoki Kouda to third
Batting: RHB Manuel Muńóz 0-0: Ball
1-0: Foul Ball, location: 2F
1-1: Ball
2-1: Ball
3-1: Foul Ball, location: 2F
3-2: SINGLE (Line Drive, 9S)
Yoshitoki Kouda scores
Bill Savage to third
Batting: SHB Adrián Nieto 0-0: Ball
1-0: Fielders Choice at 2nd, 1-6 (Groundball, 15)
Batting: RHB Miguel Moreno 0-0: Called Strike
0-1: Foul Ball, location: 2F
0-2: Fly out, F9 (Flyball, 89D)
Bottom of the 8th over - 2 run(s), 2 hit(s), 1 error(s), 2 left on base; Bismark 9 - San Diego 10
TOP OF THE 9TH
Bismark Border Guards batting - Pitching for San Diego Smashers : LHP John Lawson
Pitching: RHP Cedric Sherston
Now at C: Jaime Rodríguez
Now at 1B: Bill Savage
Now in CF: Brian Price
Pinch Hitting: RHB Salvador Borbón 0-0: Called Strike
0-1: Foul Ball, location: 2F
0-2: Ball
1-2: Ball
2-2: Strikes out swinging
Batting: LHB Rusty Herbert 0-0: Ball
1-0: Foul Ball, location: 2F
1-1: Ball
2-1: Ball
3-1: Foul Ball, location: 2F
3-2: Base on Balls
Batting: LHB Júlio Colón 0-0: Swinging Strike
0-1: Swinging Strike
0-2: Strikes out looking
Batting: RHB Pedro Rodríguez 0-0: Ball
1-0: Ball
2-0: Fly out, F7 (Flyball, 78M)
Top of the 9th over - 0 run(s), 0 hit(s), 0 error(s), 1 left on base; Bismark 9 - San Diego 10
This league is powered by Out of the Park Baseball, the baseball management simulation game for PC, Mac and Linux
Saturday, April 9th, 2016 - OOTP Baseball 16.8 Build 38